[Event "87th Tata Steel Challengers 2025"]
[Site "Wijk aan Zee"]
[Date "2025.01.25"]
[Round "7.1"]
[White "Svane, Frederik"]
[Black "Bulmaga, Irina"]
[Result "1-0"]
[Annotator "TA"]
[ECO "C50"]
[WhiteElo "2664"]
[BlackElo "2386"]
[PlyCount "181"]
[EventDate "2025.01.13"]
[EventType "tourn"]
[EventCountry "NED"]
[SourceTitle "playchess.com"]
[Source "ChessBase"]
[SourceQuality "1"]
[TimeControl "40/6000+30:20/3000+30:900+30"]

1. e4 e5 2. Nf3 Nc6 3. Bc4 Bc5 4. d3 Nf6 5. Nc3 h6 6. h3 a6 {[%emt 0:00:39] is currently scoring better than 6...d6. C50: Hungarian Defence and Giuoco Pianissimo.} 7. Be3 Bxe3 8. fxe3 d6 {[%emt 0:00:18] The position is equal.} 9. a3 Be6 10. Nd2 $5 {[%emt 0:00:04][%mdl 4] Exploring less charted territory.} O-O (10... Bxc4 $11 {should be considered.} 11. dxc4 Ne7) 11. Qe2 Re8 $146 (11... Bd7 $11) (11... Bxc4 12. dxc4 Nb8 13. g4 Ne8 14. h4 g6 15. O-O-O Nd7 16. h5 g5 17. Nf1 Ng7 {1-0 Kollars,D (2648)-Dominguez Perez,L (2748) Chess.com Classic Div 2 W rapid 2024 (1.1)}) 12. Rf1 (12. Bxe6 $16 Rxe6 13. Rf1) 12... Nb8 13. O-O-O Bxc4 14. dxc4 Nbd7 15. g4 Nh7 16. Rf2 Nc5 17. Rh1 c6 18. h4 Ne6 {[%emt 0:01:10] [#]} 19. g5 $1 hxg5 {[%emt 0:02:06] Space Advantage White} 20. Qh5 g6 21. Qh6 Nef8 (21... gxh4 $1 $11 {keeps the balance.} 22. Rxh4 Nef8) 22. Rhf1 $1 $16 {[%emt 0:06:39] White is much more active.} f6 23. hxg5 (23. h5 gxh5 24. Qxh5 Re7) 23... Re6 24. Nf3 $1 Qe7 {[%emt 0:01:29] [#]} (24... Qd7 $16 25. gxf6 Rxf6) 25. Nd5 $1 $18 Qf7 (25... cxd5 26. cxd5 Qg7 27. Qxg7+ (27. dxe6 Qxh6 28. gxh6 Re8 $18) 27... Kxg7 28. dxe6 $18) 26. Nh2 cxd5 27. cxd5 Re7 28. Ng4 $1 (28. gxf6 Rc7 $14) 28... Rc7 29. Qh4 (29. gxf6 $6 Kh8 $14) (29. Nxf6+ Nxf6 30. gxf6 (30. Rxf6 Qg7 $11) 30... Qh7 $11) 29... Qe8 (29... Qd7 $16) 30. gxf6 (30. Nxf6+ Nxf6 31. Rxf6 (31. gxf6 Rh7 $17) 31... Qe7 $11) (30. Rh1 $1 $18 {and the rest is easy.} Kh8 (30... fxg5 $2 31. Nf6+ Kh8 32. Nxe8 $18) 31. Nxf6 (31. Rxf6 Qe7 $16)) 30... Kh8 (30... Rf7 $142) 31. f7 $16 Qd8 32. Qh3 {[%emt 0:01:23] The board is on fire.} (32. Rf6 Rxf7 33. Rh1 Qc7 $17) 32... Qg5 33. Nf6 Rxf7 34. Nxh7 Rxh7 35. Rxf8+ Rxf8 36. Rxf8+ $18 {[%emt 0:00:02][%mdl 4096] Endgame KQR-KQR. White is a pawn up. White attacks} Kg7 37. Qf3 $40 {[%emt 0:00:54][%mdl 128] White goes for the king.} Rh1+ (37... Qe7 $16 {was called for.} 38. Ra8 Rh8 39. Rxh8 Kxh8) 38. Kd2 $1 (38. Qxh1 Qxe3+ 39. Kb1 Kxf8 $16) 38... Rh2+ 39. Kd3 $1 Qe7 {[%emt 0:00:31] Inhibits Qf7+.} 40. Rc8 Rh8 41. Rxh8 Kxh8 {[%emt 0:02:01] KQ-KQ. White is a pawn up.} 42. Qh3+ Kg7 43. Qc8 {[%emt 0:00:00] Prevents Qe8} Kh6 44. b4 Kg7 (44... Kg5 $142 45. Kd2 Qg7) 45. a4 Qf7 46. Ke2 Qe7 47. a5 Kh7 48. Kd3 Qf7 49. Ke2 {[%emt 0:00:00] Wards off Qf1+} (49. Kc3) 49... Qe7 $1 50. c4 Qh4 51. Qc7+ $2 (51. Qxb7+ $18 Kh6 52. Qxa6) 51... Kh6 $11 52. Qxd6 Qh2+ (52... Qg4+ $1 $11 {and Black has nothing to worry.} 53. Kd2 Qg2+ 54. Kc3 Qf1) 53. Kd3 $18 Qf2 {[%emt 0:00:38] Against Qf8+} 54. Qxe5 Qf1+ 55. Kd2 Qf2+ 56. Kd3 Qf1+ 57. Kd2 Qf2+ 58. Kd1 $1 Qf1+ 59. Kc2 $1 (59. Kd2 Qf2+ $18) 59... Qe2+ $1 60. Kb3 Qd1+ 61. Kb2 Qd2+ 62. Kb3 Qd1+ 63. Kb2 Qd2+ 64. Ka3 Qd3+ 65. Ka2 $1 Qc2+ 66. Ka3 Qd3+ $1 67. Ka2 Qc2+ $1 68. Qb2 $1 (68. Ka3 $6 Qd3+ $16) 68... Qa4+ (68... Qxc4+ 69. Ka3 Qd3+ 70. Qb3) 69. Kb1 (69. Qa3 $6 Qc2+ 70. Qb2 Qa4+ (70... Qxc4+ 71. Ka1 $14) 71. Kb1 Qd1+ 72. Ka2 Qa4+ $14) 69... Qd1+ 70. Ka2 $2 (70. Qc1 $1 $18 Qb3+ 71. Ka1 (71. Qb2 Qd1+ 72. Ka2 Qa4+ 73. Qa3 Qc2+ 74. Ka1 Qd1+ 75. Kb2 Qe2+ 76. Kb1 Qd1+ 77. Qc1 Qb3+ 78. Ka1 Qa4+ 79. Kb2 Qxb4+ 80. Kc2 Qxc4+ 81. Kd2 Qxe4 $14) 71... Qa4+ 72. Kb2 Qxb4+ 73. Kc2 Qxc4+ 74. Kd2 Qxe4 75. Qc5) 70... Qa4+ $11 71. Kb1 (71. Qa3 $11 Qc2+ 72. Qb2 Qa4+ (72... Qxc4+ $2 73. Ka1 $18)) 71... Qd1+ $14 72. Qc1 $1 Qb3+ 73. Ka1 Qa4+ (73... Qxb4 $16 74. Qb2 Qxa5+ 75. Kb1 Qe1+ 76. Kc2 Qe2+ 77. Kb3 Qxe3+ 78. Qc3 Qxe4) 74. Kb2 $1 $18 Qxb4+ 75. Kc2 $1 Qxc4+ {[%emt 0:00:19] [#]} 76. Kd2 $1 Qxe4 77. Qc5 Qf5 78. Qd4 Qf2+ {[%emt 0:00:31] [#]} 79. Kc3 $1 Qe1+ 80. Qd2 Qa1+ 81. Kb4 Qb1+ 82. Kc5 b6+ 83. Kd4 (83. axb6 Qb5+ 84. Kd6 Qxb6+ 85. Kd7 Qb7+ 86. Kd8 Qb8+ 87. Kd7 Qb7+ 88. Kd8 Qb8+ 89. Kd7 Qb7+ $14) (83. Kc6 $18 Qb5+ 84. Kc7 Qc5+ 85. Kd7 bxa5 86. e4+ Kh7 87. d6) 83... Qa1+ $16 84. Ke4 Qb1+ $2 (84... bxa5 $16 85. d6 Qa4+ 86. Qd4 Qd7) 85. Kd4 $2 ({White should play} 85. Ke5 $18) 85... Qa1+ $14 86. Ke4 $2 (86. Qc3 $1 $14 Qa4+ (86... Qxc3+ $2 87. Kxc3 bxa5 88. d6 $18) 87. Qc4 Qd1+ (87... Qxc4+ $2 88. Kxc4 b5+ 89. Kc5 $18) 88. Ke5 Qh5+ 89. Ke6 Qf5+ 90. Ke7 Qe5+ 91. Kd7) 86... Qb1+ $1 $18 87. Ke5 {[%emt 0:00:05] and e4+ would now be decisive} Qf5+ 88. Kd6 {[%emt 0:00:02] White wants to mate with e4+.} bxa5 $2 (88... Qf6+ $18 89. Kc7 Qe7+ 90. Kxb6 Qd6+ 91. Ka7 g5) 89. e4+ {[%emt 0:00:26] White mates.} Qg5 90. Qxg5+ ({Worse is} 90. Qxa5 Qf6+ 91. Kd7 Qf7+ 92. Kc6 Qe8+ 93. Kb6 Qd8+ 94. Kxa6 Qa8+ 95. Kb5 Qe8+ 96. Kc5 Qxe4 $14) 90... Kxg5 91. Kc7 {[%emt 0:00:12] Weighted Error Value: White=0.28 (precise) /Black=0.24 (precise)   Loses game:     	---       	Black=1      Missed win:     	White=3     	---        Mistake:       	White=6     	Black=11     Inaccurate:     	White=2     	Black=2      OK:         	White=20    	Black=34     Best:        	White=17    	Black=15     Strong:       	White=12    	Black=5      Brilliant:      	White=1     	---} 1-0

[Event "87th Tata Steel Challengers 2025"]
[Site "Wijk aan Zee"]
[Date "2025.01.25"]
[Round "7.2"]
[White "Lu, Miaoyi"]
[Black "Deshmukh, Divya"]
[Result "1-0"]
[Annotator "TA"]
[ECO "B31"]
[WhiteElo "2429"]
[BlackElo "2490"]
[PlyCount "79"]
[EventDate "2025.01.13"]
[EventType "tourn"]
[EventCountry "NED"]
[SourceTitle "playchess.com"]
[Source "ChessBase"]
[SourceQuality "1"]
[TimeControl "40/6000+30:20/3000+30:900+30"]

1. e4 c5 2. Nf3 Nc6 3. Bb5 Nf6 4. e5 Nd5 5. Nc3 Nc7 6. Bxc6 dxc6 7. d3 g6 8. h3 Bg7 9. O-O O-O 10. Re1 Ne6 11. a4 $1 {[%emt 0:04:36][%mdl 4] is currently scoring better than 11.Ne4.} a5 {[%emt 0:00:57] B31: Sicilian: 2...Nc6 3 Bb5 g6.} 12. Ne2 b6 13. Nf4 Ra7 ({Black should play} 13... Nd4 $11) 14. b3 (14. Nxe6 $14 Bxe6 15. b3) 14... h6 (14... Nd4 $11) 15. Nxe6 $14 Bxe6 16. Bb2 Qc8 17. Qe2 Rd8 $146 (17... Bd5 18. Nd2 Kh7 19. Rad1 Rb7 20. c4 Be6 21. Nf3 Re8 22. d4 cxd4 23. Nxd4 Rd8 24. Nxe6 Rxd1 {½-½ Gholami,A (2541)-Ameir,M (2342) Mumbai Wealth op 5th 2019 (7)}) 18. Bc3 Rad7 19. Nh2 Rd5 20. f4 h5 21. Nf1 Bh6 22. Qf2 Rf8 (22... R5d7 $142) 23. Ne3 $16 Rdd8 24. Qh4 Rde8 25. Rf1 f5 26. exf6 {[%emt 0:02:05] White attacks White is more active.} exf6 27. g4 Qc7 (27... Bxb3 $6 28. Rae1 $18) (27... Qd7 $1 $14) 28. Ng2 (28. Bxf6 Bxf4 29. Rae1 Bxb3 30. cxb3 Bxe3+ (30... Rxe3 $2 31. Rxe3 Bxe3+ 32. Kg2 $19) 31. Kg2 Qd7 32. gxh5 Qd5+ 33. Kh2 (33. Rf3 $2 Bg5 $19) 33... g5 $19 (33... gxh5 $2 34. Qg3+ $18)) ({Better is} 28. gxh5 $16 g5 29. Qg3) 28... Bd5 $1 $14 29. gxh5 (29. Bxf6 $2 Bxg2 30. Rf2 (30. Kxg2 $2 Re2+ 31. Rf2 Rxf2+ 32. Qxf2 Rxf6 $19) 30... Bg7 31. Bxg7 Qxg7 $19) 29... g5 (29... gxh5 $11 {keeps the balance.} 30. Rf2 (30. Bxf6 $2 Rxf6 31. Qxf6 Re6 $19) (30. Qxh5 Qg7 $16) 30... Qf7) 30. Qg3 {[%emt 0:00:45] Rae1 would now be deadly.} Kh7 {[%emt 0:01:15] [#]} (30... Rf7 $1 $14 31. Rfe1 Rd8) 31. Rae1 $1 $16 Rxe1 (31... f5 $16 32. Rxe8 Rxe8) 32. Rxe1 $18 (32. Bxe1 Rg8 33. f5 Qxg3 34. Bxg3 g4 $15) 32... Rg8 $2 (32... b5 {is more resistant.} 33. Kh2 b4) 33. Qg4 {[%emt 0:00:45] Threatening mate with Qf5+.} (33. Bxf6 gxf4 34. Re7+ Qxe7 $11) 33... Rf8 34. Qf5+ Kg8 35. Bxf6 Qf7 (35... Bg7 $142 36. fxg5 Bxg2 37. Kxg2 Qf7) 36. fxg5 (36. Re7 $142 Qxe7 37. Qg6+ (37. fxg5 $2 Qf7 $19) 37... Qg7 38. Bxg7 Bxg7 39. h6 (39. fxg5 Kh8 $18) (39. Qxg5 Kh7 $18)) 36... Bg7 37. Nf4 $2 {[%emt 0:01:58] [#]} ({And not} 37. Re7 Qxe7 $17) (37. Qg4) 37... Bf3 $2 (37... Bxf6 38. gxf6 (38. Qxf6 Qxf6 39. gxf6 Rxf6 $18) 38... Qxf6 39. Qxf6 Rxf6) 38. Ne6 ({Don't blunder} 38. Re7 $2 Qxe7 39. Kf2 Bd1 $19 (39... Bxf6 40. gxf6 Qxf6 41. Qxf6 $15)) 38... Qxh5 39. Nxf8 Qh4 40. Qe6+ {[%emt 0:00:08] Weighted Error Value: White=0.54/Black=1.37  Mistake:       	White=3     	Black=9      Inaccurate:     	White=1     	Black=2      OK:         	White=7     	Black=3      Best:        	White=2     	---        Strong:       	White=1     	Black=1} 1-0

[Event "87th Tata Steel Challengers 2025"]
[Site "Wijk aan Zee"]
[Date "2025.01.25"]
[Round "7.3"]
[White "Oro, Faustino"]
[Black "Nguyen, Thai Dai Van"]
[Result "0-1"]
[Annotator "TA"]
[ECO "B23"]
[WhiteElo "2447"]
[BlackElo "2668"]
[PlyCount "100"]
[EventDate "2025.01.13"]
[EventType "tourn"]
[EventCountry "NED"]
[SourceTitle "playchess.com"]
[Source "ChessBase"]
[SourceQuality "1"]
[TimeControl "40/6000+30:20/3000+30:900+30"]

1. e4 c5 2. Nc3 Nc6 3. Bb5 Nd4 4. Bc4 a6 5. a4 e6 6. Nge2 {[%emt 0:00:06] B23: Closed Sicilian: Lines without g3.} Ne7 7. Nxd4 cxd4 8. Ne2 {[%emt 0:00:05] The position is equal.} Nc6 9. O-O Bc5 10. d3 O-O 11. Ng3 b6 $146 (11... d5 12. exd5 exd5 13. Bb3 Be6 14. Qh5 Qd7 15. f4 f5 16. Bd2 Rf6 17. a5 Bf7 {0-1 Bauer,T (2151)-Samani,Y (2357) EU-ch 23rd Vrnjacka Banja 2023 (5)}) 12. Qh5 g6 13. Qe2 d5 14. Bb3 Re8 15. Re1 (15. exd5 $14 exd5 16. Bg5) 15... Bb7 $11 16. Bd2 dxe4 17. Nxe4 Be7 18. Qf3 Rc8 19. Rac1 Ba8 20. Qg3 Na5 21. Ba2 Qd7 22. Qe5 {[%emt 0:22:31] [#] Hoping for Bh6.} Bxe4 23. Qxe4 Qxa4 24. Bxa5 ({But not} 24. Bxe6 fxe6 25. Qxe6+ Kg7 26. Qxb6 Nc6 $17) (24. Ra1 $1 $15 Qd7 (24... Rxc2 25. Bxe6 Qb5 26. Bxa5 $11) (24... Qxc2 25. Bxe6 fxe6 26. Qxe6+ Kg7 27. Rac1 $11) 25. Qg4) 24... Qxa5 $17 25. Bb3 Qc5 {[%emt 0:01:15] Black is more active.} 26. Ra1 a5 27. Ra4 Bf6 28. g3 Qd6 29. Rea1 Rc5 {[%emt 0:01:32] White is weak on the dark squares} 30. Rc4 Rxc4 31. Bxc4 Rb8 32. Bb3 Qc7 33. Qe1 Be7 34. Qe4 Bf6 35. Qe1 $1 Be7 36. Qe4 b5 37. Rc1 a4 38. Ba2 Bg5 39. Re1 Bf6 (39... Qxc2 40. Qe5 Rf8 41. Qxg5 Qxb2 (41... Qxd3 $2 {too greedy.} 42. Rxe6 a3 43. Rb6 $18) 42. Bb1) 40. Qe2 Rc8 41. Rc1 Bg5 42. f4 Bf6 43. Qe4 Qc6 44. Qxc6 Rxc6 $19 {[%emt 0:01:30][%mdl 4096] Endgame KRB-KRB. Black is a pawn up.} 45. Kf1 g5 46. Ke2 Rc5 47. Kd2 (47. Kf3 $142) 47... gxf4 48. gxf4 Rf5 49. Rf1 {[%emt 0:00:00] [#]} Rxf4 $3 50. Rxf4 (50. Ke1 Bh4+) 50... Bg5 {[%emt 0:00:05] Weighted Error Value: White=0.12 (very precise) /Black=0.13 (very precise)   Mistake:       	White=3     	---        Inaccurate:     	White=3     	Black=2      OK:         	White=16    	Black=26     Best:        	White=2     	Black=3      Strong:       	White=1     	---} 0-1

[Event "87th Tata Steel Challengers 2025"]
[Site "Wijk aan Zee"]
[Date "2025.01.25"]
[Round "7.4"]
[White "L'Ami, Erwin"]
[Black "Suleymanli, Aydin"]
[Result "1/2-1/2"]
[Annotator "TA"]
[ECO "C50"]
[WhiteElo "2614"]
[BlackElo "2623"]
[PlyCount "82"]
[EventDate "2025.01.13"]
[EventType "tourn"]
[EventCountry "NED"]
[SourceTitle "playchess.com"]
[Source "ChessBase"]
[SourceQuality "1"]
[TimeControl "40/6000+30:20/3000+30:900+30"]

1. e4 e5 2. Nf3 Nc6 3. Bc4 Nf6 4. d3 Bc5 5. Nc3 h6 6. Be3 Bb4 {[%emt 0:01:15] C50: Hungarian Defence and Giuoco Pianissimo.} 7. Nd2 Ne7 $146 (7... Bxc3 8. bxc3 O-O 9. Qf3 d6 10. h3 Be6 11. Bb3 a5 12. Ba4 Rb8 13. Qg3 Nh5 14. Qf3 {½-½ Nepomniachtchi,I (2758)-Durarbayli,V (2531) Wch Rapid New York 2024 (4)}) 8. Bb3 c6 9. d4 d6 10. a3 Bxc3 11. bxc3 O-O 12. O-O Ng6 13. f3 Qe7 14. Re1 Be6 15. dxe5 dxe5 16. Bxe6 Qxe6 17. Qb1 b5 18. Qb3 Qc8 19. c4 a6 20. cxb5 cxb5 21. c4 Rb8 22. Rac1 {[%emt 0:04:50] [#] Hoping for cxb5.} Qd7 23. Red1 Nf4 24. Bxf4 bxc4 25. Qxc4 exf4 26. Nb3 Rfc8 {[%emt 0:07:19] [#]} 27. Qxc8+ $1 Qxc8 28. Rxc8+ Rxc8 $11 {[%emt 0:00:05][%mdl 4096] Endgame KRN-KRN} 29. Nd4 Rc3 30. Ne2 Rxa3 31. Nxf4 g5 32. Ne2 Nh5 33. Rd6 Nf4 34. Nxf4 {[%emt 0:01:25] KRN-KR} Ra1+ 35. Kf2 gxf4 {[%emt 0:00:03] KR-KR} 36. h4 Kg7 37. Rd5 Rb1 38. Ra5 $1 Rb6 39. Kg1 f6 40. h5 (40. Ra2 $14) 40... Rb1+ 41. Kh2 Rb5 {[%emt 0:50:16] Weighted Error Value: White=0.07 (flawless) /Black=0.07 (flawless)   Mistake:       	White=1     	---        Inaccurate:     	White=1     	Black=2      OK:         	White=9     	Black=13     Best:        	White=1     	Black=2      Strong:       	White=1     	---} 1/2-1/2

[Event "87th Tata Steel Challengers 2025"]
[Site "Wijk aan Zee"]
[Date "2025.01.25"]
[Round "7.5"]
[White "Vaishali, Rameshbabu"]
[Black "Bok, Benjamin"]
[Result "1/2-1/2"]
[Annotator "TA"]
[ECO "B22"]
[WhiteElo "2476"]
[BlackElo "2583"]
[PlyCount "108"]
[EventDate "2025.01.13"]
[EventType "tourn"]
[EventCountry "NED"]
[SourceTitle "playchess.com"]
[Source "ChessBase"]
[SourceQuality "1"]
[TimeControl "40/6000+30:20/3000+30:900+30"]

1. e4 c5 2. c3 Nf6 3. e5 Nd5 4. Bc4 Nb6 5. Bb3 c4 6. Bc2 {[%emt 0:00:06] B22: Sicilian: 2 c3.} d5 7. exd6 Qxd6 8. Na3 Nc6 9. b3 Ne5 10. Nxc4 Nbxc4 11. d4 Nb6 12. dxe5 Qxe5+ 13. Ne2 Bg4 {[%emt 0:01:15] [#]} 14. Bf4 Qxf4 15. Nxf4 Bxd1 16. Rxd1 Rc8 $146 (16... g6 17. Be4 Rb8 18. O-O Bh6 19. Nd3 Nd7 20. c4 O-O 21. c5 Bg7 22. b4 e6 {1-0 Marchisotti,M (2226)-Scharf,N (2066) W-ch WS/M/265 email 2010}) 17. Be4 Rxc3 18. Bxb7 e6 19. O-O Ba3 20. Rfe1 Ke7 21. Ne2 Rc7 22. Bf3 Bb4 23. Rc1 Rd7 24. Red1 Rhd8 25. Rxd7+ Rxd7 26. g3 f5 27. Rc2 e5 28. Bc6 Rd2 29. Rxd2 Bxd2 $15 {[%emt 0:00:01][%mdl 4096] Endgame KBN-KBN} 30. a3 Kd6 31. Bb5 Kc5 32. Be8 a5 33. Kg2 Nd5 34. h3 Nf6 35. Bf7 Kd6 36. Bc4 g5 37. Ba6 Nd5 38. Bc8 Ne7 39. Bb7 Kc7 40. Ba6 Kd6 41. Bb7 Nd5 42. Bc8 f4 43. Kf3 Nf6 {[%emt 0:01:04] [#]} 44. gxf4 gxf4 {[%emt 0:00:40] ...e4+ is the strong threat.} 45. Bb7 h6 46. Ba8 Kc5 47. Bb7 Kb5 48. Kg2 a4 49. bxa4+ {[%emt 0:00:11] The position is equal.} Kxa4 50. Ng1 Bc1 51. Nf3 e4 (51... Bxa3 52. Nxe5 Kb3 53. Kf3 $16) 52. Ne5 Bxa3 53. Ng4 Nxg4 54. hxg4 e3 {[%emt 0:00:10] Weighted Error Value: White=0.04 (flawless) /Black=0.05 (flawless)   Inaccurate:     	White=1     	Black=3      OK:         	White=23    	Black=25     Best:        	White=2     	Black=1} 1/2-1/2

[Event "87th Tata Steel Challengers 2025"]
[Site "Wijk aan Zee"]
[Date "2025.01.25"]
[Round "7.6"]
[White "Gurel, Ediz"]
[Black "Yakubboev, Nodirbek"]
[Result "1-0"]
[Annotator "TA"]
[ECO "C65"]
[WhiteElo "2624"]
[BlackElo "2659"]
[PlyCount "75"]
[EventDate "2025.01.13"]
[EventType "tourn"]
[EventCountry "NED"]
[SourceTitle "playchess.com"]
[Source "ChessBase"]
[SourceQuality "1"]
[TimeControl "40/6000+30:20/3000+30:900+30"]

1. e4 e5 2. Nf3 Nc6 3. Bb5 Nf6 4. d3 Bc5 5. Bxc6 dxc6 6. Nbd2 {[%emt 0:00:13][%cal Od2c4] C65: Ruy Lopez: Berlin Defence (3...Nf6), unusual lines and 4 0-0 Bc5.} (6. Nxe5 $2 Qd4 7. Be3 Qxe5 $19) 6... Nd7 7. O-O O-O 8. Nc4 {[%emt 0:00:13] The position is equal.} Re8 9. a4 a5 {[%emt 0:11:58] The main line 9...a5 scores better than 9...f6.} 10. Kh1 Bf8 11. Be3 b6 12. Nfd2 Nc5 13. f4 exf4 14. Bxf4 f6 15. Qf3 Be6 16. Ne3 $146 (16. Qg3 Rc8 17. b3 Na6 18. Ne3 Nb4 19. Nf3 Kh8 20. h4 c5 21. Rac1 Nc6 22. h5 {½-½ Givon,A (2415)-Drenchev,P (2485) Albena Masters op 2013 (7)}) 16... Qd7 17. Qg3 Re7 18. e5 f5 {[%emt 0:07:25] NOTEXT-51077 White (e5)} 19. Nf3 Bd5 (19... Qe8 $14) 20. Nh4 Rf7 21. Bg5 Be6 22. Rf4 g6 $1 23. Bf6 Rg7 $2 24. Raf1 $18 g5 25. Bxg5 {[%emt 0:07:05][%csl Of5,Oh7] Black has weak pawns. White has strong rooks and is better} h6 {[%emt 0:01:06] [#]} 26. Nhxf5 $1 Rxg5 27. Qh4 (27. Rg4 $1 $16 Qd8 28. d4 Rxg4 29. Qxg4+ (29. Nxg4 Kh8 $16) 29... Qg5 30. Qf3 (30. dxc5 Qxg4 31. Nxg4 Bxc5 $18)) 27... Bxf5 $1 $11 28. Nxf5 Qh7 29. R4f3 {[%emt 0:02:50][%mdl 1024] and Qc4+ should not be overlooked White has compensation.} (29. Nd4 $5) 29... Qg6 $1 30. Qf2 Ne6 31. d4 $36 {[%emt 0:01:18][%mdl 2048] White fights for an advantage.} Kh8 32. Nh4 Qg8 33. Nf5 Rd8 34. Qh4 Kh7 {[%emt 0:00:37][%mdl 8192] [#] Loses the game.} (34... Rg6 $11) 35. Nxh6 $1 $18 Bxh6 {[%emt 0:00:17] [#]} (35... Qg6) 36. Rf7+ $1 Ng7 37. R1f6 Rg6 38. Rxg6 {[%emt 0:00:13] Weighted Error Value: White=0.12 (very precise) /Black=0.55  Loses game:     	---       	Black=2      Mistake:       	White=1     	Black=2      Inaccurate:     	White=2     	Black=4      OK:         	White=11    	Black=8      Best:        	---       	Black=3      Strong:       	White=2     	Black=3} (38. Rxc7 $2 {too greedy.} Rf8 39. Qe4 Rfxf6 40. exf6 Qf8 41. Rxc6 Bg5 $19) 1-0

[Event "87th Tata Steel Challengers 2025"]
[Site "Wijk aan Zee"]
[Date "2025.01.25"]
[Round "7.7"]
[White "Nogerbek, Kazybek"]
[Black "Pijpers, Arthur"]
[Result "1/2-1/2"]
[Annotator "TA"]
[ECO "B51"]
[WhiteElo "2514"]
[BlackElo "2474"]
[PlyCount "93"]
[EventDate "2025.01.13"]
[EventType "tourn"]
[EventCountry "NED"]
[SourceTitle "playchess.com"]
[Source "ChessBase"]
[SourceQuality "1"]
[TimeControl "40/6000+30:20/3000+30:900+30"]

1. e4 c5 2. Nf3 d6 3. Nc3 Nc6 4. Bb5 e5 5. d3 Nf6 6. a4 {[%emt 0:05:20] B51: Sicilian: Moscow Variation (3 Bb5+) without 3...Bd7.} Be7 7. h3 O-O 8. Bc4 Be6 $146 (8... Nd7 9. O-O Nb6 10. Ba2 Be6 11. Nd5 Bxd5 12. Bxd5 Nxd5 13. exd5 Nb4 14. c4 f5 {0-1 Punin,A (2289)-Karttunen,M (2489) Titled Tuesday intern op 01st Feb-B blitz 2022 (8)}) 9. Ng5 Qd7 10. O-O Bxc4 11. dxc4 h6 12. Nf3 Nd4 13. Be3 Qc6 14. Re1 Bd8 15. Nd2 Nh7 16. Nd5 Qd7 17. Ra3 Ne6 {[%emt 0:03:03][%csl Od5] Strong Square White (d5)} 18. Qh5 Kh8 19. h4 {[%emt 0:02:34] White is much more active.} (19. Nf1 $16) 19... Nd4 20. Bxd4 cxd4 21. Rf3 Qxa4 22. Rxf7 (22. b3 $11 Qd7 23. Nf1) 22... Rxf7 $17 (22... Qxc2 23. Rxf8+ Nxf8 24. Qe8 $11) 23. Qxf7 Bxh4 24. b3 {[%emt 0:09:57] [#]} Qa5 25. Nf3 (25. Qxb7 $2 Rf8 (25... Bxf2+ $2 26. Kh2 $19) 26. Re2 Qa1+ 27. Nf1 Qd1 $19) 25... Ng5 26. b4 {[%emt 0:03:24] aiming for Nxg5.} Nxf7 27. bxa5 Bf6 28. Rb1 Nd8 29. c5 dxc5 30. Nd2 Rc8 (30... c4 $17 31. Nxc4 Rc8) 31. Nc4 $15 Rc6 32. g3 g5 ({Black should try} 32... Re6 $15) 33. Nxf6 $11 Rxf6 {[%emt 0:00:01][%mdl 4096] Endgame KRN-KRN. Black is two pawns up.} 34. Rb5 Rc6 {[%emt 0:02:32] ...a6 poses a challenge} 35. Nxe5 Rc7 36. Kg2 Kg7 (36... Ne6 $15) 37. f4 {[%emt 0:01:10] The position is equal.} gxf4 38. gxf4 Ne6 39. Kf3 c4 (39... d3 $5 40. c3 $8 c4 $11 (40... d2 41. Rb1 $16)) 40. Rb4 {[%emt 0:05:03] [#]} d3 $1 41. c3 (41. cxd3 $2 {perishes.} c3 42. Rb1 c2 43. Rg1+ Kf8 $19) 41... d2 42. Rb1 Nc5 $1 43. Ke3 Nb3 44. Ke2 Nc5 45. Ke3 Nb3 46. Ke2 Nc5 ({But not} 46... Nxa5 47. Kxd2 Nb3+ 48. Ke3) 47. Ke3 {[%emt 0:00:00] Weighted Error Value: White=0.11 (very precise) /Black=0.09 (flawless)   Mistake:       	White=2     	Black=3      Inaccurate:     	White=4     	Black=3      OK:         	White=17    	Black=15     Best:        	White=6     	Black=2      Strong:       	---       	Black=1} 1/2-1/2